 Dungeon Crawl Stone Soup version 0.31-a0-986-g5e6e4ef867 (webtiles) character file.

Game seed: 9464377554143947147

15 demibob the Poker (level 2, -1/18 HPs)
             Began as a Deep Elf Chaos Knight on Nov 8, 2023.
             Was a Plaything of Xom.
             Slain by a gnoll
             ... wielding a +2 flail of holy wrath
              (8 damage)
             ... on level 1 of the Dungeon.
             The game lasted 00:00:31 (262 turns).

demibob the Poker (Deep Elf Chaos Knight)            Turns: 262, Time: 00:00:33

Health: -1/18      AC:  5    Str:  9    XL:     2   Next: 34%
Magic:  4/4        EV: 12    Int: 16    God:    Xom [..*...]
Gold:   10         SH:  0    Dex: 14    Spells: 1/1 levels left

rFire   . . .        a - +0 spear (chaos)
rCold   . . .        (no shield)
rNeg    . . .        b - +2 leather armour
rPois   .            (no helmet)
rElec   .            (no cloak)
rCorr   .            (no gloves)
SInv    .            (no boots)
Will    .....        (no amulet)
Stlth   +            (no ring)
HPRegen 0.23/turn    (no ring)
MPRegen 0.09/turn

%: no passive effects
@: no status effects
A: no striking features
a: Renounce Religion


You were on level 1 of the Dungeon.
You worshipped Xom.
You were a toy of Xom.
You visited 1 branch of the dungeon, and saw 1 of its levels.

You collected 10 gold pieces.


   Skills:
 - Level 2.4 Fighting
 + Level 2.8 Polearms
 - Level 0.7 Armour
 - Level 2.4 Dodging


You had one spell level left.
You didn't know any spells.
Your spell library was empty.

Inventory:

Hand Weapons
 a - a +0 spear of chaos (weapon)
Armour
 b - a +2 leather armour (worn)
 e - a +2 ring mail of fire resistance
Scrolls
 c - a scroll of butterflies
Potions
 d - a potion of curing {@q1}

Dungeon Overview and Level Annotations

Branches:
Dungeon (1/15)

Altars:

## #.. .## #.#
.. #.# ##.##.##
# #...... .#
#...#.##.####
#....§§......
#.#g##.# #
#.§@§?.# #.
#...####
#.#...#
###.....#
.........#####
###+##.......##
#.....#..# ###
#+#########.##
#..
..........#..#


You could see a gnoll (resistant, very drained).


Message History

The gnoll closely misses you.
You barely miss the gnoll.
The gnoll is moderately wounded.
The gnoll hits you with a +2 flail of holy wrath.
You completely miss the gnoll.
The gnoll is moderately wounded.
The gnoll closely misses you.
You hit the gnoll.
The gnoll is moderately wounded.
The rat closely misses you.
The gnoll hits you with a +2 flail of holy wrath!
Ouch! That really hurt!
* * * LOW HITPOINT WARNING * * *
You emit a cloud of colourful smoke!
It was a potion of curing.
You feel better.
Xom roars with laughter!
The rat bites you.
You hit the rat.
You kill the rat!
You hit the gnoll. You drain the gnoll.
The gnoll is almost dead.
The gnoll hits you with a +2 flail of holy wrath.
* * * LOW HITPOINT WARNING * * *
You are too injured to fight recklessly!
Unknown command.
You closely miss the gnoll.
The gnoll is almost dead.
The gnoll hits you with a +2 flail of holy wrath!
You die...
Xom yawns loudly!

Action                     || total
---------------------------++-------
  Melee: Spear             ||    54
    Use: Potion            ||     1
   Stab: Petrifying        ||     1
 Armour: Leather armour    ||    15
  Dodge: Dodged            ||    22

Levels and vault maps discovered:
D:1:      matt_arrival_los_fun, layout_basic, serial_shops,
          nicolae_shop_tiny_real_fake_doors, minmay_split_cup_large

Notes
Turn   | Place    | Note
-------+----------+-------------------------------------------
     0 | D:1      | demibob the Deep Elf Chaos Knight began the quest for the
                  | Orb.
     0 | D:1      | Reached XP level 1. HP: 13/13 MP: 3/3
   187 | D:1      | Reached XP level 2. HP: 18/18 MP: 4/4
   257 | D:1      | XOM: smoke on damage
   262 | D:1      | Slain by a gnoll

Vanquished Creatures
  A bat (D:1)
  2 giant cockroaches (D:1)
  A goblin (D:1)
  A hobgoblin (D:1)
  2 quokkas (D:1)
  4 ball pythons (D:1)
  A frilled lizard (D:1)
  A kobold (D:1)
  A rat (D:1)
14 creatures vanquished.

Table legend: (Time is in decaauts)
 A = Elapsed time spent in this place.
 B = Non-inter-level travel time spent in this place.
 C = Inter-level travel time spent in this place.
 D = Time resting spent in this place.
 E = Time spent auto-exploring this place.
 F = Levels seen in this place.
 G = Mean time per level.
                   A        B        C        D        E       F      G
               +--------+--------+--------+--------+--------+-----+--------+
         Total |    260 |    260 |      0 |      0 |    172 |   1 |  260.0 |
       Dungeon |    260 |    260 |      0 |      0 |    172 |   1 |  260.0 |
               +--------+--------+--------+--------+--------+-----+--------+

Top non-repeatable levels by time:
     D:1: 260 daAuts

Table legend:
 A = Non-vault XP
 B = Vault XP
 C = Vault XP percentage of total XP
 D = Non-vault monster count
 E = Vault monster count
 F = Vault count percentage of total count
                 A         B        C        D         E       F
            +---------+---------+-------+---------+---------+-------
      Total |      22 |       0 |   0.0 |      14 |       0 |   0.0
            +---------+---------+-------+---------+---------+-------
        D:1 |      22 |       0 |   0.0 |      14 |       0 |   0.0
            +---------+---------+-------+---------+---------+-------
